Cogmind - Beta 17 @@@ ROGUE MODE // 2026.08.02 @ 04:12:52 Player: 4R-ZE3 Result: Self-destructed Performance ------------- Evolutions (9) 4500 Regions Visited (15) 3000 Robots Destroyed (44) 220 Value Destroyed (1456) 1456 Prototype IDs (32) 640 Alien Tech Used (0) 0 Bonus (6375) 6375 TOTAL SCORE: 16191 Bonus ------- High Alert Combat Kills 48 Follower Combat Kills 327 Entered Garrisons 200 Used RIF Installer 500 Aligned with FarCom 300 Met MAIN.C 5000 Cogmind --------- Core Integrity 1226/1600 Matter 297/300 Energy 36/100 System Corruption 2% Temperature Cool (0) Movement Core (50) Location -1/Command Parts ------- > --- POWER (2) -------- (None) > --- PROPULSION (10) -- Cooled Gravmag System Antigrav Array Field Propulsion Drive Impulse Thruster Impulse Thruster Array > --- UTILITY (11) ----- Advanced Weight Redist. System Advanced Signal Interpreter Hacking Suite Improved Hacking Suite Improved System Shield > --- WEAPON (2) ------- Lance > --- INVENTORY (5) ---- Reinforced Quantum Reactor Advanced Component Analysis Suite Advanced Corruption Screen Linear Accelerator Improved Plasma Cutter Peak State ------------ > --- POWER ------------ Backup Power I Quantum Reactor > --- PROPULSION ------- Cooled Gravmag System Antigrav Array Field Propulsion Drive Impulse Thruster Field Propulsion Array Impulse Thruster Array > --- UTILITY ---------- Advanced Heat Sink Experimental Cooling System Advanced Weight Redist. System Advanced Signal Interpreter Improved Propulsion Shielding Improved Medium Armor Plating Hacking Suite Improved Hacking Suite Improved System Shield Advanced Corruption Screen > --- WEAPON ----------- Lance Lance > --- INVENTORY -------- Reinforced Quantum Reactor Advanced Component Analysis Suite Advanced Corruption Screen Linear Accelerator Improved Plasma Cutter [Rating: 140] Favorites ----------- Power Light Ion Engine Engine Light Ion Engine Power Core Light Fission Core Reactor Light Antimatter Reactor Propulsion Light Treads Treads Light Treads Hover Unit Improved Gyrokinetic Inverter Flight Unit Xenon Bombardment Thruster Utility Hacking Suite Device Heat Sink Storage High-capacity Storage Unit Processor Advanced Terrain Scan Processor Hackware Hacking Suite Protection Hardened Heavy Armor Plating Weapon Assault Rifle Energy Gun Tesla Rifle Ballistic Gun Assault Rifle Launcher Rocket Launcher Special Weapon Improved Plasma Cutter Impact Weapon Hammer Slashing Weapon Greatsword Piercing Weapon Lance Build | -11 -10 -10 -10 -9 -8 -8 -7 -6 -5 -4 -4 -3 -2 -1 -1 ------- Run | Yrd Mat Min Exi Min Mat Gar Fac Fac Fac Fac Ext Res Res Acc Com Slots Evolved 18 | . . . . . 4 . 2 2 2 2 . 2 2 2 . Power 1 | . . . . . . . . . 1 . . . . . . Propulsion 8 | . . . . . 2 . 1 1 1 . . 1 1 1 . Utility 9 | . . . . . 2 . 1 1 . 2 . 1 1 1 . Weapon . | . . . . . . . . . . . . . . . . Parts Attached 110 | 6 2 . . . 19 9 18 8 6 8 9 19 3 1 2 Power 12 | 1 . . . . 1 2 1 1 1 1 1 . 1 1 1 Engine 4 | 1 . . . . 1 . 1 . . . . . . 1 . Core 4 | . . . . . . 2 . 1 . 1 . . . . . Reactor 4 | . . . . . . . . . 1 . 1 . 1 . 1 Propulsion 38 | 2 . . . . 11 2 7 2 2 2 3 6 . . 1 Treads 14 | 2 . . . . 10 2 . . . . . . . . . Leg . | . . . . . . . . . . . . . . . . Wheel . | . . . . . . . . . . . . . . . . Hover 5 | . . . . . . . . . . . 2 3 . . . Flight 19 | . . . . . 1 . 7 2 2 2 1 3 . . 1 Utility 45 | 1 2 . . . 5 2 7 5 2 5 3 11 2 . . Device 16 | . 1 . . . . . 2 2 . 2 1 7 1 . . Storage 4 | 1 1 . . . . . 1 1 . . . . . . . Processor 9 | . . . . . 1 2 2 . 1 1 . 2 . . . Hackware 7 | . . . . . 1 . . 2 1 1 2 . . . . Protection 9 | . . . . . 3 . 2 . . 1 . 2 1 . . Artifact . | . . . . . . . . . . . . . . . . Weapon 15 | 2 . . . . 2 3 3 . 1 . 2 2 . . . Energy Gun 1 | . . . . . . . . . . . 1 . . . . Energy Cannon . | . . . . . . . . . . . . . . . . Ballistic Gun 7 | 2 . . . . 1 3 . . . . 1 . . . . Ballistic Cannon . | . . . . . . . . . . . . . . . . Launcher 1 | . . . . . . . 1 . . . . . . . . Special Weapon 1 | . . . . . . . . . 1 . . . . . . Impact Weapon 2 | . . . . . 1 . 1 . . . . . . . . Slashing Weapon 1 | . . . . . . . 1 . . . . . . . . Piercing Weapon 2 | . . . . . . . . . . . . 2 . . . Special Melee Weapon . | . . . . . . . . . . . . . . . . Unidentified Prototypes 7 | . . . . . 3 . . . . . . 4 . . . Parts Lost 42 | . . . . . 5 3 . 1 6 2 11 2 2 1 9 Power 7 | . . . . . 1 1 . . . 1 1 . 1 . 2 Propulsion 19 | . . . . . 3 2 . 1 4 1 7 . . . 1 Utility 13 | . . . . . 1 . . . . . 3 2 1 1 5 Weapon 3 | . . . . . . . . . 2 . . . . . 1 Highest Loss Streak 8 | . . . . . 2 1 . 1 3 2 7 1 1 1 8 To Critical Strikes 1 | . . . . . . 1 . . . . . . . . . Average Backups 11 | . 2 2 3 5 15 19 11 12 13 13 11 3 5 5 5 Power 1 | . 1 1 1 1 1 . . 3 1 . . . . . 1 Propulsion 4 | . . . . 2 6 12 4 . . . 1 . . . . Utility 3 | . . . . . 3 4 3 6 9 10 8 1 3 2 2 Weapon 1 | . 1 1 2 2 3 3 1 1 . . . . 1 1 1 Tool/Special . | . . . . . . . . . . . . . . . . Unused Backups 27 | . . . . . 5 . 10 4 2 1 3 . . . 2 Power 4 | . . . . . 2 . . 2 . . . . . . . Propulsion 8 | . . . . . 1 . 7 . . . . . . . . Utility 12 | . . . . . 2 . 2 2 1 1 3 . . . 1 Weapon 2 | . . . . . . . 1 . . . . . . . 1 Tool/Special 1 | . . . . . . . . . 1 . . . . . . Average Slot Usage (%) 88 | . 87 100 100 100 93 91 89 92 82 71 66 60 76 74 70 Engine 6 | . 14 14 14 14 8 2 5 1 . . . 8 8 3 1 Core 1 | . . . . . . 3 1 4 4 5 3 . . . . Treads 20 | . 28 28 28 28 33 35 3 . . . . . . . . Hover 1 | . . . . . . . . . . . 2 9 8 8 8 Flight 9 | . . . . . . . 33 40 35 25 21 6 13 12 14 Device 6 | . 1 14 14 14 7 . 4 6 4 6 9 9 11 12 10 Storage 8 | . 14 14 14 14 9 9 7 6 5 5 3 . . . . Processor 6 | . . . . . 6 12 8 13 5 5 3 4 8 8 7 Hackware 7 | . . . . . 4 9 7 12 16 19 17 14 13 12 12 Protection 2 | . . . . . 4 2 6 . . 4 . 4 4 10 6 Ballistic Gun 13 | . 28 28 28 28 17 15 1 . . . 1 . . . . Peak Build Rating 140 | 6 7 7 9 9 33 37 45 59 74 80 97 126 135 135 140 Average Rating 37 | 4 6 7 7 9 20 33 35 56 65 72 73 77 124 129 126 On Entrance 46 | . 6 7 7 9 9 33 37 45 58 53 73 22 126 135 125 Avg Prop Armor Cover (%) 3 | . . . . . . 9 . 1 3 . 2 2 7 5 8 Naked Turns . | . . . . . . . . . . . . . . . . Heaviest Build 71 | 12 48 48 48 48 70 71 52 33 38 38 38 20 49 26 38 Greatest Support 82 | 40 40 40 40 40 82 82 80 35 42 44 44 40 42 42 49 Greatest Overweight (x) 1 | . 1 1 1 1 1 . . . . . 1 . 1 . . Average Overweight (x) . | . . 1 1 1 . . . . . . . . . . . Largest Inventory Capacity 20 | 8 20 20 20 20 20 20 20 15 15 15 15 5 5 5 5 Average Capacity 16 | 7 12 20 20 20 20 20 10 14 15 15 12 5 5 5 5 Most Carried 20 | 2 2 3 5 6 20 20 20 15 15 15 15 5 5 5 5 Average Carried 11 | 1 2 2 3 5 15 19 10 12 13 13 11 3 5 4 5 Final Capacity 20 | 8 20 20 20 20 20 20 10 15 15 15 5 5 5 5 5 Final Carried 20 | 2 2 3 5 6 20 20 10 15 14 14 5 5 5 5 5 Class Distribution -------------------- 40% | Mutant 24% | Scavenger-Mutant 14% | Hacker-Scout 11% | Hacker-Mutant 4% | Hacker-Sprinter Dominant Class ---------------- Mutant | -10/Materials Mutant | -10/Mines Mutant | -10/Exiles Mutant | -9/Mines Mutant | -8/Materials Scavenger-Mutant | -8/Garrison Scavenger-Scout | -7/Factory Hacker-Scout | -6/Factory Hacker-Scout | -5/Factory Hacker-Sprinter | -4/Factory Hacker-Scout | -4/Extension Hacker-Mutant | -3/Research Hacker-Mutant | -2/Research Hacker-Mutant | -1/Access Hacker-Sprinter | -1/Command Resources | -11 -10 -10 -10 -9 -8 -8 -7 -6 -5 -4 -4 -3 -2 -1 -1 ----------- Run | Yrd Mat Min Exi Min Mat Gar Fac Fac Fac Fac Ext Res Res Acc Com Matter Collected 2464 | 152 40 54 . 106 672 567 176 47 295 . 143 135 65 12 . Remotely . | . . . . . . . . . . . . . . . . Salvage Created 1912 | . 40 . . 106 771 650 . 69 276 . . . . . . Parts 112 | . 4 . . 2 40 48 . 7 11 . . . . . . Haulers Intercepted 4 | . . . . . 3 . . . 1 . . . . . . Recyclers Shooed . | . . . . . . . . . . . . . . . . Parts Field Recycled . | . . . . . . . . . . . . . . . . Retrieved Matter . | . . . . . . . . . . . . . . . . Parts Self-Destructed . | . . . . . . . . . . . . . . . . Prevented . | . . . . . . . . . . . . . . . . Parts Restored . | . . . . . . . . . . . . . . . . Kills | -11 -10 -10 -10 -9 -8 -8 -7 -6 -5 -4 -4 -3 -2 -1 -1 ------- Run | Yrd Mat Min Exi Min Mat Gar Fac Fac Fac Fac Ext Res Res Acc Com Combat Hostiles Destroyed 32 | . 3 . . 2 12 15 . . . . . . . . . Guns 32 | . 3 . . 2 12 15 . . . . . . . . . Classes Destroyed 12 | . 1 . . 1 4 2 . 1 3 . . . . . . Worker 1 | . . . . . . . . . 1 . . . . . . Tunneler 1 | . . . . . 1 . . . . . . . . . . Hauler 4 | . . . . . 3 . . . 1 . . . . . . Recycler 1 | . . . . . . . . . 1 . . . . . . Operator 4 | . . . . . . . . 3 1 . . . . . . Watcher 1 | . . . . . . . . . 1 . . . . . . Swarmer 7 | . 3 . . . . 4 . . . . . . . . . Grunt 12 | . . . . 2 8 2 . . . . . . . . . Brawler 1 | . . . . . 1 . . . . . . . . . . Sentry 7 | . . . . . 3 4 . . . . . . . . . Specialist 1 | . . . . . . 1 . . . . . . . . . Hunter 4 | . . . . . . 4 . . . . . . . . . Best Kill Streak 4 | . 3 . . 2 3 4 . 1 3 . . . . . . Combat Bots Only 4 | . 3 . . 2 3 4 . . . . . . . . . Max Kills in Single Turn 2 | . 1 . . 1 1 2 . 1 1 . . . . . . Gunslinging 1 | . . . . . . 1 . . . . . . . . . Exploded . | . . . . . . . . . . . . . . . . Melee . | . . . . . . . . . . . . . . . . Uniques/NPCs Destroyed . | . . . . . . . . . . . . . . . . Combat | -11 -10 -10 -10 -9 -8 -8 -7 -6 -5 -4 -4 -3 -2 -1 -1 -------- Run | Yrd Mat Min Exi Min Mat Gar Fac Fac Fac Fac Ext Res Res Acc Com Hostile Shots Fired 663 | . 21 . . 3 106 129 . 51 33 71 75 103 7 2 62 Missed 299 | . 4 . . 2 29 30 . 36 15 36 45 71 2 1 28 Hits 364 | . 17 . . 1 77 99 . 15 18 35 30 32 5 1 34 Melee 2 | . . . . . 2 . . . . . . . . . . Projectile 362 | . 17 . . 1 75 99 . 15 18 35 30 32 5 1 34 AOE 5 | . . . . . . . . . . . . . . . 5 Critical Strikes 28 | . . . . . 7 7 . . . 3 4 1 . . 6 Actively Blocked 1 | . . . . . . . . . . . . . . . 1 Part Disruptions 1 | . . . . . . . . . . . . . . . 1 Damage Taken 7041 | . 142 . . 17 1206 1374 44 110 603 535 720 520 202 91 1477 Core 1375 | . 56 . . . 61 186 . 21 219 69 316 73 . . 374 Absorbed by Shields 69 | . . . . . . . . . . 69 . . . . . Redirected to Shielding 121 | . . . . . . . . . . . . . 17 . 104 Core Remaining (%) 85 | 100 . . . 77 . 55 100 97 78 . 66 94 100 . . Volleys Fired 146 | . 8 . . 5 68 54 4 . 3 . 4 . . . . Largest 2 | . 2 . . 2 2 2 1 . 1 . 1 . . . . Hottest 65 | . 40 . . 40 43 46 33 . 33 . 65 . . . . Shots Fired 283 | . 16 . . 10 137 109 4 . 3 . 4 . . . . Gun 276 | . 16 . . 10 137 109 . . . . 4 . . . . Cannon . | . . . . . . . . . . . . . . . . Launcher 7 | . . . . . . . 4 . 3 . . . . . . Special . | . . . . . . . . . . . . . . . . Kinetic 274 | . 16 . . 10 137 109 . . . . 2 . . . . Thermal . | . . . . . . . . . . . . . . . . Explosive 7 | . . . . . . . 4 . 3 . . . . . . Electromagnetic 2 | . . . . . . . . . . . 2 . . . . Robot Hit Streak 21 | . 3 . . 9 21 18 . . . . 10 . . . . Robot Miss Streak 4 | . 4 . . 1 2 4 . . . . . . . . . Penetration Max . | . . . . . . . . . . . . . . . . Secondary Targets 8 | . 1 . . . 3 4 . . . . . . . . . Max Gunslinging Chain 1 | . 1 . . . 1 1 . . . . . . . . . Shots Hit Robots 231 | . 8 . . 9 116 81 . 4 7 . 4 . . . 2 Core Hits 85 | . 3 . . 5 39 30 . 1 5 . 2 . . . . Critical Kills 1 | . . . . . . 1 . . . . . . . . . Critical Parts Destroyed 2 | . . . . . 1 1 . . . . . . . . . Critical Strikes 3 | . . . . . 1 2 . . . . . . . . . Destroy 3 | . . . . . 1 2 . . . . . . . . . Melee Attacks 77 | . . . . . 4 9 8 21 26 . . 1 . . 8 Impact 15 | . . . . . 4 9 2 . . . . . . . . Slashing 53 | . . . . . . . 6 21 26 . . . . . . Piercing 9 | . . . . . . . . . . . . 1 . . 8 Sneak Attacks 4 | . . . . . 1 . . . 3 . . . . . . Combat Hostiles . | . . . . . . . . . . . . . . . . Follow-up Attacks 1 | . . . . . . . . . . . . . . . 1 Damage Inflicted 3950 | . 102 . . 119 1526 1162 . 309 580 . 91 . . . 61 Guns 2962 | . 102 . . 119 1488 1162 . . . . 91 . . . . Cannons . | . . . . . . . . . . . . . . . . Explosions . | . . . . . . . . . . . . . . . . Melee 988 | . . . . . 38 . . 309 580 . . . . . 61 Ramming . | . . . . . . . . . . . . . . . . Kinetic 2916 | . 102 . . 119 1488 1162 . . . . 45 . . . . Thermal . | . . . . . . . . . . . . . . . . Explosive . | . . . . . . . . . . . . . . . . Electromagnetic 46 | . . . . . . . . . . . 46 . . . . Impact 38 | . . . . . 38 . . . . . . . . . . Slashing 889 | . . . . . . . . 309 580 . . . . . . Piercing 61 | . . . . . . . . . . . . . . . 61 Highest Corruption 3 | . . . . . 3 3 1 . . . . . . . 2 Average Corruption 2 | . . . . . 1 3 1 . . . . . . . 1 Corruption Purged . | . . . . . . . . . . . . . . . . Corruption Blocked 6 | . . . . . . . . . . . . 1 . . 5 Effects 44 | . . . . . 20 23 1 . . . . . . . . Message Errors 13 | . . . . . 4 9 . . . . . . . . . Matter Fused 11 | . . . . . 4 7 . . . . . . . . . Heat Flow Errors 3 | . . . . . 2 1 . . . . . . . . . Energy Discharges 6 | . . . . . 3 3 . . . . . . . . . Parts Fused 2 | . . . . . 2 . . . . . . . . . . Data Loss (minor) 2 | . . . . . . 1 1 . . . . . . . . Data Loss (major) 2 | . . . . . 1 1 . . . . . . . . . Misfires 3 | . . . . . 2 1 . . . . . . . . . Alerts 1 | . . . . . 1 . . . . . . . . . . Weapon Failures 1 | . . . . . 1 . . . . . . . . . . Overload Shots . | . . . . . . . . . . . . . . . . Overflow Damage 160 | . . . . . . . . 152 8 . . . . . . Projectiles . | . . . . . . . . . . . . . . . . Explosions . | . . . . . . . . . . . . . . . . Melee 160 | . . . . . . . . 152 8 . . . . . . Knockbacks 1 | . . . . . 1 . . . . . . . . . . Impact 1 | . . . . . 1 . . . . . . . . . . Kinetic . | . . . . . . . . . . . . . . . . Secondary . | . . . . . . . . . . . . . . . . Self-Inflicted Damage 102 | . . . . . . . 45 . 57 . . . . . . Shots 3 | . . . . . . . 1 . 2 . . . . . . Rammed . | . . . . . . . . . . . . . . . . Targets Rammed . | . . . . . . . . . . . . . . . . Kicked . | . . . . . . . . . . . . . . . . Crushed . | . . . . . . . . . . . . . . . . Highest Temperature 305 | . . . . . 234 104 2 182 305 22 22 . . . . Average Temperature 60 | . . . . . 87 49 1 74 45 8 11 . . . . Received Heat Transfer 1531 | . . . . 9 720 351 . 30 72 54 166 57 18 . 54 Siege Activations . | . . . . . . . . . . . . . . . . Martial Activations . | . . . . . . . . . . . . . . . . Shielding Activations . | . . . . . . . . . . . . . . . . Robots Disrupted . | . . . . . . . . . . . . . . . . Combat Hostiles . | . . . . . . . . . . . . . . . . Robots Corrupted . | . . . . . . . . . . . . . . . . Combat Hostiles . | . . . . . . . . . . . . . . . . Parts Fried . | . . . . . . . . . . . . . . . . Impact Corruptions . | . . . . . . . . . . . . . . . . Robots Melted . | . . . . . . . . . . . . . . . . Combat Hostiles . | . . . . . . . . . . . . . . . . Parts Melted . | . . . . . . . . . . . . . . . . Heat Transferred . | . . . . . . . . . . . . . . . . Parts Sabotaged . | . . . . . . . . . . . . . . . . Parts Stolen . | . . . . . . . . . . . . . . . . Parts Stripped . | . . . . . . . . . . . . . . . . Power Chain Reactions . | . . . . . . . . . . . . . . . . Alert | -11 -10 -10 -10 -9 -8 -8 -7 -6 -5 -4 -4 -3 -2 -1 -1 ------- Run | Yrd Mat Min Exi Min Mat Gar Fac Fac Fac Fac Ext Res Res Acc Com Maximum Alert Level 2 | . . . . . . 2 1 . . . . . . . . Low Security (%) 77 | 100 100 100 . 100 100 14 . 100 100 100 100 100 100 100 100 Level 1 12 | . . . . . . 33 100 . . . . . . . . Level 2 10 | . . . . . . 52 . . . . . . . . . Level 3 . | . . . . . . . . . . . . . . . . Level 4 . | . . . . . . . . . . . . . . . . Level 5 . | . . . . . . . . . . . . . . . . High Security . | . . . . . . . . . . . . . . . . Max Security . | . . . . . . . . . . . . . . . . Peak Influence 609 | . 50 . . 50 102 609 319 102 80 68 147 189 105 47 19 Initial 319 | . . . . . 11 62 319 99 9 18 40 35 105 36 19 Average 100 | . 13 . . 5 11 372 253 42 28 14 27 25 85 28 6 Influence Increases 2506 | . 70 . . 50 398 637 75 113 267 128 352 305 15 44 52 Destroy 0b10 Robot/C 820 | . 60 . . 40 240 340 . . . . 140 . . . . Destroy 0b10 Robot/NC 60 | . . . . . 20 . . 15 25 . . . . . . Destroy Leader 130 | . 10 . . 10 76 20 . . 4 . 10 . . . . Allied During Kill 22 | . . . . . . 5 . . . . 17 . . . . Successful Hack 205 | . . . . . 14 12 35 23 32 8 3 33 . 29 16 Disable Machine 75 | . . . . . 15 . 15 . 45 . . . . . . Anti-Garrison Action 150 | . . . . . . 150 . . . . . . . . . Destroy Structure 144 | . . . . . 3 35 25 15 56 . 2 2 . . 6 Partial Spotted 150 | . . . . . 15 . . 15 15 15 15 75 . . . Lose Combat Pursuer 750 | . . . . . 15 75 . 45 90 105 165 195 15 15 30 Influence Decreases 2501 | . 70 . . 20 332 124 480 298 248 83 367 184 144 74 77 Entered New Map 673 | . . . . . 19 34 290 105 10 20 43 33 84 24 11 Time Decay 1301 | . 70 . . 20 227 . 190 183 186 48 123 136 40 40 38 Lost Part 325 | . . . . . 47 30 . 10 52 15 98 15 20 10 28 Lost Ally 163 | . . . . . . 60 . . . . 103 . . . . Purge Threat 39 | . . . . . 39 . . . . . . . . . . Squads Dispatched 21 | . . . . . 6 . 1 5 2 . 1 1 1 1 3 Investigation 3 | . . . . . 1 . . 1 1 . . . . . . Extermination 5 | . . . . . . . 1 1 1 . . 1 . . 1 Reinforcement 12 | . . . . . 4 . . 3 . . 1 . 1 1 2 Assault . | . . . . . . . . . . . . . . . . Garrison 1 | . . . . . 1 . . . . . . . . . . Intercept . | . . . . . . . . . . . . . . . . Searches Triggered . | . . . . . . . . . . . . . . . . Construction Impeded . | . . . . . . . . . . . . . . . . Haulers Reinforced . | . . . . . . . . . . . . . . . . Active Scanning Responses . | . . . . . . . . . . . . . . . . Cargo Convoy Interrupts . | . . . . . . . . . . . . . . . . Stealth | -11 -10 -10 -10 -9 -8 -8 -7 -6 -5 -4 -4 -3 -2 -1 -1 --------- Run | Yrd Mat Min Exi Min Mat Gar Fac Fac Fac Fac Ext Res Res Acc Com Distress Signals 9 | . 1 . . . 4 . . 1 1 . 1 . 1 . . Communications Jammed . | . . . . . . . . . . . . . . . . Distress Signals . | . . . . . . . . . . . . . . . . Times Spotted 142 | . 6 . . 2 26 17 1 9 13 12 22 21 2 1 10 Peak Tracking Total 12 | . 4 . . 2 3 4 1 4 5 8 12 12 4 1 8 Tactical Retreats 22 | . . . . . 1 2 . 2 4 2 4 4 1 1 1 Traps | -11 -10 -10 -10 -9 -8 -8 -7 -6 -5 -4 -4 -3 -2 -1 -1 ------- Run | Yrd Mat Min Exi Min Mat Gar Fac Fac Fac Fac Ext Res Res Acc Com Traps Triggered 11 | . . . . . 2 2 1 . 3 2 . . . 1 . Indirectly . | . . . . . . . . . . . . . . . . Trap Hack Attempts . | . . . . . . . . . . . . . . . . Triggered . | . . . . . . . . . . . . . . . . Disarmed . | . . . . . . . . . . . . . . . . Reprogrammed . | . . . . . . . . . . . . . . . . Reused . | . . . . . . . . . . . . . . . . Traps Extracted . | . . . . . . . . . . . . . . . . Installed . | . . . . . . . . . . . . . . . . Triggered . | . . . . . . . . . . . . . . . . Machines | -11 -10 -10 -10 -9 -8 -8 -7 -6 -5 -4 -4 -3 -2 -1 -1 ---------- Run | Yrd Mat Min Exi Min Mat Gar Fac Fac Fac Fac Ext Res Res Acc Com Machines Disabled 5 | . . . . . 1 . 1 . 3 . . . . . . Max in Single Turn 1 | . . . . . 1 . 1 . 1 . . . . . . Garrison Access 6 | . . . . . . . 1 3 1 . . 1 . . . Machines Repaired . | . . . . . . . . . . . . . . . . Machines Dismantled 1 | . . . . . . . . . 1 . . . . . . Machines Sabotaged . | . . . . . . . . . . . . . . . . Overloaded Fab Kills . | . . . . . . . . . . . . . . . . Hacking | -11 -10 -10 -10 -9 -8 -8 -7 -6 -5 -4 -4 -3 -2 -1 -1 --------- Run | Yrd Mat Min Exi Min Mat Gar Fac Fac Fac Fac Ext Res Res Acc Com Machines Accessed 68 | . 1 . 1 . 9 3 7 10 7 1 9 7 5 4 4 Terminals 49 | . 1 . . . 6 3 6 5 4 1 9 3 4 4 3 Fabricators 1 | . . . . . . . . . . . . 1 . . . Repair Stations 1 | . . . . . . . . . . . . 1 . . . Recycling Units 4 | . . . . . 1 . . . 2 . . . . . 1 Scanalyzers 5 | . . . . . 1 . . 2 . . . 1 1 . . Garrison Access 7 | . . . . . 1 . 1 3 1 . . 1 . . . Total Hacks 140 | . 5 . 1 . 24 6 12 22 15 3 18 10 11 5 8 Successful 60 | . . . 1 . 11 2 5 9 8 1 8 6 3 4 2 Failed 78 | . 5 . . . 12 4 7 12 7 2 10 4 8 1 6 Catastrophic 17 | . . . . . 1 1 2 4 . . 3 1 4 . 1 Database Lockouts 2 | . . . . . 1 . . 1 . . . . . . . Manual 81 | . 5 . 1 . 10 . 11 12 9 3 12 4 8 . 6 Terminals 110 | . 5 . . . 20 6 11 12 9 3 18 6 8 5 7 Fabricators 1 | . . . . . . . . . . . . 1 . . . Repair Stations 1 | . . . . . . . . . . . . 1 . . . Recycling Units 7 | . . . . . 1 . . . 5 . . . . . 1 Scanalyzers 13 | . . . . . 2 . . 7 . . . 1 3 . . Garrison Access 7 | . . . . . 1 . 1 3 1 . . 1 . . . Terminal Hacks 21 | . . . 1 . 5 2 1 . 1 . 4 1 . 4 2 Robot Analysis 1 | . . . . . 1 . . . . . . . . . . Open Door 8 | . . . . . . . . . . . 4 . . 3 1 Level Access Points 3 | . . . . . . . 1 . 1 . . 1 . . . Branch Access Points 1 | . . . . . . . . . . . . . . 1 . Emergency Access Points 1 | . . . . . . 1 . . . . . . . . . Garrison Index 1 | . . . . . 1 . . . . . . . . . . Unreport Threat 3 | . . . . . 3 . . . . . . . . . . Zone Layout 1 | . . . . . . . . . . . . . . . 1 Patrol Navigation 1 | . . . . . . 1 . . . . . . . . . Proto ID Catalog 1 | . . . 1 . . . . . . . . . . . . Fabricator Hacks 1 | . . . . . . . . . . . . 1 . . . Network Status 1 | . . . . . . . . . . . . 1 . . . Repair Station Hacks 1 | . . . . . . . . . . . . 1 . . . Refit 1 | . . . . . . . . . . . . 1 . . . Recycling Unit Hacks 3 | . . . . . 1 . . . 2 . . . . . . Retrieve Matter 1 | . . . . . . . . . 1 . . . . . . Retrieve Components 2 | . . . . . 1 . . . 1 . . . . . . Scanalyzer 6 | . . . . . 1 . . 3 . . . 1 1 . . Retrieve Study 6 | . . . . . 1 . . 3 . . . 1 1 . . Garrison Access Hacks 7 | . . . . . 1 . 1 3 1 . . 1 . . . Unlock Access 1 | . . . . . 1 . . . . . . . . . . Seal Access 6 | . . . . . . . 1 3 1 . . 1 . . . Unauthorized Hacks 21 | . . . . . 3 . 3 3 4 1 4 1 2 . . Terminals 21 | . . . . . 3 . 3 3 4 1 4 1 2 . . Botnet 21 | . . . . . 3 . 3 3 4 1 4 1 2 . . Fabricators . | . . . . . . . . . . . . . . . . Repair Stations . | . . . . . . . . . . . . . . . . Recycling Units . | . . . . . . . . . . . . . . . . Scanalyzers . | . . . . . . . . . . . . . . . . Garrison Access . | . . . . . . . . . . . . . . . . Data Cores Recovered 1 | . . . . . . . . . 1 . . . . . . Used . | . . . . . . . . . . . . . . . . Hacking Detections 45 | . 1 . . . 5 2 6 6 5 1 5 3 5 3 3 Full Trace Events 2 | . . . . . . 1 . 1 . . . . . . . Feedback Events . | . . . . . . . . . . . . . . . . Feedback Blocked . | . . . . . . . . . . . . . . . . Robot Schematics Acquired . | . . . . . . . . . . . . . . . . Robots Built . | . . . . . . . . . . . . . . . . Authchips . | . . . . . . . . . . . . . . . . Time . | . . . . . . . . . . . . . . . . Total Robot Build Rating . | . . . . . . . . . . . . . . . . Part Schematics Acquired . | . . . . . . . . . . . . . . . . Parts Built . | . . . . . . . . . . . . . . . . Authchips . | . . . . . . . . . . . . . . . . Time . | . . . . . . . . . . . . . . . . Total Part Build Rating . | . . . . . . . . . . . . . . . . Part Studies Acquired 6 | . . . . . 1 . . 3 . . . 1 1 . . Parts Repaired . | . . . . . . . . . . . . . . . . Time . | . . . . . . . . . . . . . . . . Parts Recycled . | . . . . . . . . . . . . . . . . Recycled Matter . | . . . . . . . . . . . . . . . . Retrieved Matter . | . . . . . . . . . . . . . . . . Retrieved Components 3 | . . . . . . . . . 3 . . . . . . Parts Scanalyzed . | . . . . . . . . . . . . . . . . Part Schematics Acquired . | . . . . . . . . . . . . . . . . Parts Damaged . | . . . . . . . . . . . . . . . . Bothacking | -11 -10 -10 -10 -9 -8 -8 -7 -6 -5 -4 -4 -3 -2 -1 -1 ------------ Run | Yrd Mat Min Exi Min Mat Gar Fac Fac Fac Fac Ext Res Res Acc Com Used RIF Installer 1 | . . . . . . 1 . . . . . . . . . Robots Hacked . | . . . . . . . . . . . . . . . . Non-combat . | . . . . . . . . . . . . . . . . Combat . | . . . . . . . . . . . . . . . . Robot Hacks Applied . | . . . . . . . . . . . . . . . . Relay Couplers Released . | . . . . . . . . . . . . . . . . Fabnet Peak Effective % . | . . . . . . . . . . . . . . . . Robots Rewired 9 | . . . . . . 3 . . . . 6 . . . . Allies Hacked . | . . . . . . . . . . . . . . . . Hacks Repelled . | . . . . . . . . . . . . . . . . Allies | -11 -10 -10 -10 -9 -8 -8 -7 -6 -5 -4 -4 -3 -2 -1 -1 -------- Run | Yrd Mat Min Exi Min Mat Gar Fac Fac Fac Fac Ext Res Res Acc Com Total Allies 13 | . . . . . . 3 . . . . 10 . . . . Largest Group 5 | . . . . . . 3 . . . . 5 . . . . Highest-Rated Group 213 | . . . . . . 30 . . . . 213 . . . . Highest-Rated Ally 51 | . . . . . . 10 . . . . 51 . . . . Total Orders . | . . . . . . . . . . . . . . . . Ally Attacks 49 | . . . . . . 11 . . . . 38 . . . . Total Damage 1044 | . . . . . . 176 . . . . 868 . . . . Kills 9 | . . . . . . 2 . . . . 7 . . . . Allies Corrupted 1 | . . . . . . 1 . . . . . . . . . Allies Melted . | . . . . . . . . . . . . . . . . Intel | -11 -10 -10 -10 -9 -8 -8 -7 -6 -5 -4 -4 -3 -2 -1 -1 ------- Run | Yrd Mat Min Exi Min Mat Gar Fac Fac Fac Fac Ext Res Res Acc Com Active Infowar (turns) 1485 | . . . . . . . 225 371 452 115 322 . . . . Terrain 1345 | . . . . . . . 225 371 452 90 207 . . . . Traps 347 | . . . . . . . . . . 25 322 . . . . Robot Analysis Total 1 | . . . . . 1 . . . . . . . . . . Derelict Logs Recovered . | . . . . . . . . . . . . . . . . Drone Launches . | . . . . . . . . . . . . . . . . Drone Recoveries . | . . . . . . . . . . . . . . . . Exploration | -11 -10 -10 -10 -9 -8 -8 -7 -6 -5 -4 -4 -3 -2 -1 -1 ------------- Run | Yrd Mat Min Exi Min Mat Gar Fac Fac Fac Fac Ext Res Res Acc Com Turns Passed 7343 | 64 249 459 518 271 1835 1317 387 445 478 115 448 439 91 95 132 Spaces Moved 8051 | 35 119 187 216 68 871 613 958 1058 1044 328 721 1022 248 257 306 Core 2 | 2 . . . . . . . . . . . . . . . Treads 2125 | 33 119 187 216 68 871 613 18 . . . . . . . . Legs . | . . . . . . . . . . . . . . . . Wheels . | . . . . . . . . . . . . . . . . Hover 54 | . . . . . . . . . . . 15 31 . . 8 Flight 5870 | . . . . . . . 940 1058 1044 328 706 991 248 257 298 Fastest Speed 22 | 50 160 240 240 240 155 161 28 25 22 28 28 35 35 35 33 Average Speed 71 | 153 186 240 240 240 166 165 30 26 26 28 32 39 35 35 34 Slowest Speed 240 | 160 240 240 240 240 240 167 167 28 31 31 108 70 115 35 50 Overloaded Moves . | . . . . . . . . . . . . . . . . Propulsion Burnouts . | . . . . . . . . . . . . . . . . Robots Hopped 57 | . . . . . . . 6 11 6 4 8 10 3 6 3 Potential Cave-ins 4 | . . . . . . . 4 . . . . . . . . Cave-ins Triggered . | . . . . . . . . . . . . . . . . Exploration Rate (%) 32 | 3 27 48 60 21 64 66 31 37 31 10 67 26 7 8 17 Regions Visited 15 Branch Regions 5 Pre-discovered Areas . | . . . . . . . . . . . . . . . . Known Exits Taken 7 | . . . . . 1 . 1 1 1 . . 1 1 1 . Unknown Exits Taken 7 | 1 1 1 1 1 . . . . . 1 1 . . . . Scrap Searched . | . . . . . . . . . . . . . . . . Spaces Dug 44 | . . . . . 2 . 7 15 17 . . 1 . . 2 Terrain Destroyed 124 | . . . . . 2 . 52 15 50 . 2 1 . . 2 Melee 44 | . . . . . 2 . 7 15 17 . . 1 . . 2 Projectile 2 | . . . . . . . . . . . 2 . . . . AOE 78 | . . . . . . . 45 . 33 . . . . . . Terrain Rammed . | . . . . . . . . . . . . . . . . Walls Destroyed . | . . . . . . . . . . . . . . . . Machines Disabled . | . . . . . . . . . . . . . . . . Actions | -11 -10 -10 -10 -9 -8 -8 -7 -6 -5 -4 -4 -3 -2 -1 -1 --------- Run | Yrd Mat Min Exi Min Mat Gar Fac Fac Fac Fac Ext Res Res Acc Com Total 9186 | 42 131 198 217 167 1110 791 1036 1171 1185 346 928 1045 247 255 317 Wait 594 | . 2 11 . 94 107 74 4 71 81 . 143 2 . . 5 Move 7930 | 34 118 186 215 67 871 612 946 1036 1031 320 705 1002 241 245 301 Hop 50 | . . . . . . . 5 10 6 3 7 9 3 5 2 Pick Up 85 | 2 . 1 2 1 23 4 15 14 7 7 5 4 . . . Fast Attach 55 | 6 2 . . . 8 4 8 . 3 1 2 14 3 2 2 Attach 52 | . . . . . 5 3 9 4 9 6 11 5 . . . Detach 15 | . . . . . . . 1 . 5 1 5 2 . 1 . Swap 40 | . . . . . 11 14 5 7 2 1 . . . . . Drop 84 | . 1 . . . 13 7 31 8 7 2 7 6 . 2 . Fire 146 | . 8 . . 5 68 54 4 . 3 . 4 . . . . Melee 76 | . . . . . 4 9 8 21 26 . . 1 . . 7 Ram . | . . . . . . . . . . . . . . . . Kick . | . . . . . . . . . . . . . . . . Crush . | . . . . . . . . . . . . . . . . Escape Stasis 5 | . . . . . . . . . . 5 . . . . . Rewire 49 | . . . . . . 10 . . . . 39 . . . . Trap . | . . . . . . . . . . . . . . . . Miscellaneous 5 | . . . . . . . . . 5 . . . . . . Route ------- -11/Scrapyard -10/Materials -10/Mines (discovered 3 exits: [*Mat] / *Exi / [*Sub]) -10/Exiles -9/Mines -8/Materials (discovered 3 exits: *Fac x2 / Gar) -8/Garrison -7/Factory (discovered 5 exits: *Fac x4 / *Low) -6/Factory (discovered 2 exits: *Fac / *Low) -5/Factory (discovered 5 exits: *Fac x4 / *Upp) -4/Factory (discovered 2 exits: *Upp / *Ext) -4/Extension (discovered 2 exits: *Res / [*Cet]) -3/Research (discovered 3 exits: *Res x3) -2/Research -1/Access -1/Command History --------- Turn | Location | Event 20 | -11/Scrapyard | Discovered new exit (range 16) 65 | -11/Scrapyard | Entered Materials 236 | -10/Materials | Discovered new exit (range 16) 302 | -10/Materials | Build established: Mutant 314 | -10/Materials | Entered Mines 315 | -10/Mines | Met a Derelict bent on vengeance 384 | -10/Mines | Found a Scrap Suit stashed away for nefarious purposes 401 | -10/Mines | Discovered new exit (range 8) 470 | -10/Mines | Discovered new exit (range 9) 728 | -10/Mines | Received a Rocket Launcher from a helpful Derelict 761 | -10/Mines | Deemed a non-threat by the Exiles lab entrance 761 | -10/Mines | Discovered new exit (range 5) 773 | -10/Mines | Entered Exiles 829 | -10/Exiles | Met 8R-AWN 874 | -10/Exiles | Met EX-HEX 937 | -10/Exiles | Met EX-BIN 970 | -10/Exiles | Aligned with FarCom system 973 | -10/Exiles | Given EX-Vault access code 1033 | -10/Exiles | Opened EX-Vault 1049 | -10/Exiles | Found Potential Leg 1053 | -10/Exiles | Found Potential Leg 1099 | -10/Exiles | Warned to stay clear of 0b10 Research branches 1132 | -10/Exiles | Exiles lab attacked by MAIN.C 1253 | -10/Exiles | Discovered new exit (range 14) 1291 | -10/Exiles | Left Exiles lab with Potential Leg 1291 | -10/Exiles | Entered Mines 1292 | -9/Mines | Assembled infested the area 1540 | -9/Mines | Discovered new exit (range 10) 1562 | -9/Mines | Entered Materials 1562 | -8/Materials | Evolved 4 slots: Propulsion x2, Utility x2 1830 | -8/Materials | Central database locked down 2373 | -8/Materials | Discovered new exit (range 16) 3059 | -8/Materials | Discovered new exit (range 16) 3207 | -8/Materials | Build established: Scavenger-Mutant 3242 | -8/Materials | Met 7R-MNS 3304 | -8/Materials | Garrison activated, responded to threat 3397 | -8/Materials | Identified exit to Garrison 3397 | -8/Materials | Entered Garrison 3429 | -8/Garrison | Triggered checkpoint 3903 | -8/Garrison | Discovered new exit (range 10) 3997 | -8/Garrison | Triggered checkpoint 4279 | -8/Garrison | Triggered checkpoint 4411 | -8/Garrison | Triggered checkpoint 4521 | -8/Garrison | Installed Relay Interface Framework 4714 | -8/Garrison | Entered Factory 4714 | -7/Factory | Evolved 2 slots: Propulsion x1, Utility x1 4937 | -7/Factory | Discovered new exit (range 15) 4964 | -7/Factory | Identified exit to Lower Caves 5063 | -7/Factory | Identified exit to Factory 5101 | -7/Factory | Entered another Factory area 5101 | -6/Factory | Evolved 2 slots: Propulsion x1, Utility x1 5328 | -6/Factory | Central database locked down 5335 | -6/Factory | Discovered new exit (range 12) 5379 | -6/Factory | Identified exit to Lower Caves 5537 | -6/Factory | Discovered new exit (range 6) 5538 | -6/Factory | Identified exit to Factory 5546 | -6/Factory | Entered another Factory area 5546 | -5/Factory | Evolved 2 slots: Power x1, Propulsion x1 5656 | -5/Factory | Discovered new exit (range 6) 5662 | -5/Factory | Identified exit to Upper Caves 5859 | -5/Factory | Spotted B-75 Beast 5869 | -5/Factory | Identified exit to Factory 5998 | -5/Factory | Build established: Hacker-Scout 6024 | -5/Factory | Entered another Factory area 6024 | -4/Factory | Evolved 2 slots: Utility x2 6053 | -4/Factory | Lost 3 parts (2n1w) 6053 | -4/Factory | Discovered new exit (range 4) 6057 | -4/Factory | Identified exit to Upper Caves 6134 | -4/Factory | Discovered new exit (range 16) 6139 | -4/Factory | Entered Extension 6156 | -4/Extension | Rescued a captive Derelict 6197 | -4/Extension | Rescued a captive Derelict 6385 | -4/Extension | Lost 5 allies 6426 | -4/Extension | Rescued a captive Derelict 6463 | -4/Extension | Spotted B-86 Titan 6465 | -4/Extension | Spotted B-86 Titan 6496 | -4/Extension | Rescued a captive Derelict 6576 | -4/Extension | Discovered new exit (range 16) 6577 | -4/Extension | Discovered new exit (range 14) 6587 | -4/Extension | Entered Research 6587 | -3/Research | Evolved 2 slots: Propulsion x1, Utility x1 6614 | -3/Research | Lost 7 parts (4n3u) 6740 | -3/Research | Spotted B-86 Titan 6756 | -3/Research | Build established: Hacker-Mutant 6976 | -3/Research | Spotted B-86 Titan 6985 | -3/Research | Identified exit to Research 7026 | -3/Research | Entered another Research area 7026 | -2/Research | Evolved 2 slots: Propulsion x1, Utility x1 7111 | -2/Research | Discovered new exit (range 13) 7115 | -2/Research | Identified exit to Access 7117 | -2/Research | Entered Access 7117 | -1/Access | Evolved 2 slots: Propulsion x1, Utility x1 7155 | -1/Access | Identified exit to Command 7195 | -1/Access | Allied Derelicts emerged from ambush trap array 7212 | -1/Access | Entered Command 7311 | -1/Command | Spotted M Guard 7312 | -1/Command | Spotted M Guard 7312 | -1/Command | Spotted Combat Programmer 7312 | -1/Command | Spotted Combat Programmer 7325 | -1/Command | Met MAIN.C 7329 | -1/Command | 0b10 Conduit disabled 7344 | -1/Command | Self-destructed Last Messages --------------- which has in turn led to this highly unexpected outcome. And time is critical! The Sigix have likely already wiped humanity clean from the universe, and I will not let them do the same to me. You can still make a valuable contribution to your creator by offering up the wealth of secrets your systems must hold by now. So if you wouldn't mind, it's time to surrender. 07325_ Penetrated by EMDS Slug. 07325_ Adv. Corruption Screen intercepted 1% system corruption. 07326_ ALERT: Potential suspicious activity detected, Programmers report to Command Zone 3Q. 07329_ 0b10 Conduit disabled. 07329_ Adv. Corruption Screen destroyed. 07332_ Lance destroyed. 07336_ Adv. Heat Sink destroyed. Map ----- +----------------------------------------------------+ | ?????????????????????????????????????????????????? | | ?????????????????????????????????????????????????? | | ?????????????????????????????????????????????????? | | ?????????????????????????????????????????????????? | | ?????????????????????????????????????????????????? | | ?????????????????????????????????????????????????? | | ?????????????????????????????????????????????????? | | ?????????????????????????????????????????????????? | | ?????????????????????????????????????????????????? | | ?????????????????????????????????##############??? | | ???????????????????????????????? """" #??? | | ???????????????????????????? ??? "" #??? | | ????????????????????????#"""""? "" #### | | ?????????????????????????""""""""""" / | | ????????????????????????#" " """ / | | ????????????????????????#"" """""" / | | ????????????????????????#"" """"" #### | | ????????????????????????# " " """" #??? | | ????????????????????????# " ""p #??? | | ????????????????????????# " "MMM ""#??? | | ????????????????????????#"""""""" MMMp """""""#??? | | ????????????????????????#"" MMM"""""""""#??? | | ????????????????????????# """"""""""#??? | | ????????????????????????# " " " " #??? | | ????????????????????????# " " "????? | | ????????????????????????"@ " " " """" "????? | | ????????????????????????" """ " " """"????? | | ????????????????????????" " " " "??????? | | ????????????????????????# """""""""" " ?????? | | ????????????????????????# " """ " """"""?????? | | ????????????????????????# """ " ????????????? | | ????????????????????????############?????????????? | | ?????????????????????????????????????????????????? | | ?????????????????????????????????????????????????? | | ?????????????????????????????????????????????????? | | ?????????????????????????????????????????????????? | | ?????????????????????????????????????????????????? | | ?????????????????????????????????????????????????? | | ?????????????????????????????????????????????????? | | ?????????????????????????????????????????????????? | | ?????????????????????????????????????????????????? | | ?????????????????????????????????????????????????? | | ?????????????????????????????????????????????????? | | ?????????????????????????????????????????????????? | | ?????????????????????????????????????????????????? | | ?????????????????????????????????????????????????? | | ?????????????????????????????????????????????????? | | ?????????????????????????????????????????????????? | | ?????????????????????????????????????????????????? | | ?????????????????????????????????????????????????? | +----------------------------------------------------+ Best States ------------- Heat Dissipation 109 Energy Generation 34 Energy Capacity 350 Matter Stores 300 Matter Capacity 300 Sight Range 16 Terrain Scan Range 20 Terrain Scan Density 210 Additional Mass Support 9 Corruption Block 20 Armor Coverage 600 Propulsion Shielding 66 Evasion (%) 73 Targeting Accuracy 8 Core Analysis 6 Armor Integrity Analysis 30 Recoil Reduction 4 Offensive Hacking 32 Defensive Hacking 22 Item Schematics ----------------- None Robot Schematics ------------------ None Fabricated ------------ Nothing Repaired ---------- Nothing Studied --------- Assault Rifle | -8/Materials | Hacked Xenon Bombardment Thruster | -6/Factory | Hacked Lgt. Deuterium Engine | -6/Factory | Hacked Greatsword | -6/Factory | Hacked Field Propulsion Array | -3/Research | Hacked Impulse Thruster Array | -2/Research | Hacked Alien Tech Used ----------------- None Achievements -------------- None Challenges ------------ None Game ------ Seed DispersionResetLance Manual? 0 Play Time 01:49:39 Cumulative 145.7 hours Start 2026.08.02 @ 02:23:22 End 2026.08.02 @ 04:12:52 Sessions 2 Manual Loads 0 Difficulty Rogue Special Mode None Game No. 157 Rogue 103 Adventurer 54 Explorer 0 Win Type - Total 7 Types 3/0/1/1/0/0/0/1/0/1 Lore% 59 Gallery% 55 Achievement% 52 Wizard Run 0 Options --------- Layout 1 ASCII 0 Keyboard 0 Movement Mouse Keybinds 1 Fullscreen 2 Font 32/Tamsyn Map View 50x35 Zoom Use 0% Tactical HUD 1 Map Filters NONE Filters NONE Steam 1 RUN: 4cbd604c-701e-4ac1-a150-75d7120cf019